 Dungeon Crawl Stone Soup version 0.27-a0-148-g9515ab555c (webtiles) character file.

Game seed: 1056295604418442886

6028 sahdkjhfkaj the Grappler (level 10, -7/100 (102) HPs)
             Began as a Troll Brigand on Jan 26, 2021.
             Was a Follower of the Shining One.
             Hit by a javelin thrown by Urug (23 damage)
             ... on level 10 of the Dungeon.
             The game lasted 00:10:33 (7147 turns).

sahdkjhfkaj the Grappler (Troll Brigand)            Turns: 7147, Time: 00:10:33

HP:   -7/100 (102)  AC:  7    Str: 21    XL:     10   Next: 56%
MP:   10/10         EV: 15    Int: 10    God:    the Shining One [*.....]
Gold: 508           SH:  0    Dex: 11    Spells: 9/9 levels left

rFire    . . .     SeeInvis .     - Unarmed
rCold    . . .     Faith    .   (no shield)
rNeg     . . .     Spirit   .   b - +0 robe
rPois    .         Reflect  .   (helmet restricted)
rElec    .         Harm     .   s - +0 cloak
rCorr    +         Rampage  .   (gloves unavailable)
Will     .....                  (boots unavailable)
Stlth    +.........             i - amulet of regeneration
HPRegen  1.06/turn              l - ring of resist corrosion
MPRegen  0.12/turn              r - +4 ring of evasion

@: about to teleport, slowed, glowing, lightly drained, very slow
A: large, unfitting armour, claws 3, regeneration 1, shaggy fur 1, tough skin 3
a: Renounce Religion


You were on level 10 of the Dungeon.
You worshipped the Shining One.
The Shining One was aware of your devotion.
You visited 2 branches of the dungeon, and saw 11 of its levels.

You collected 508 gold pieces.

Inventory:

Missiles
 d - 67 poisoned darts (quivered)
 m - 2 curare-tipped darts
Armour
 b - a +0 robe (worn)
 s - a +0 cloak (worn)
Jewellery
 i - an amulet of regeneration (around neck)
 l - a ring of resist corrosion (left claw)
 r - a +4 ring of evasion (right claw)
 x - a +4 ring of evasion
 y - an uncursed amulet of guardian spirit {unknown}
Wands
 p - a wand of polymorph (1)
Scrolls
 c - 3 scrolls of brand weapon {unknown}
 f - 2 scrolls of identify
 g - 4 scrolls of teleportation {!r}
 j - 2 scrolls of magic mapping {unknown}
 k - 5 scrolls of remove curse {unknown}
 n - a scroll of vulnerability {unknown}
 t - 2 scrolls of amnesia {unknown}
 u - a scroll of blinking {unknown}
 w - 2 scrolls of enchant armour {unknown}
 z - a scroll of fear {unknown}
 A - a scroll of enchant weapon {unknown}
 C - a scroll of torment {unknown}
Potions
 a - 2 potions of flight
 e - 3 potions of attraction {unknown}
 h - a potion of heal wounds {unknown}
 o - 2 potions of brilliance {unknown}
 q - a potion of experience {unknown}
 v - 4 potions of curing
 B - a potion of mutation {unknown}
 D - 2 potions of magic {unknown}
 E - a potion of might {unknown}


   Skills:
 - Level 7.0 Fighting
 - Level 1.5 Short Blades
 + Level 6.8 Throwing
 - Level 4.0 Dodging
 - Level 2.1 Stealth
 - Level 10.0 Unarmed Combat
 - Level 2.0 Invocations
 - Level 2.0 Evocations


You had 9 spell levels left.
You didn't know any spells.
Your spell library contained the following spells:

 Spells                   Type           Power        Failure   Level
 Foxfire                  Conj/Fire      0%           36%         1
 Shock                    Conj/Air       0%           36%         1
 Sting                    Tmut/Pois      0%           36%         1
 Summon Small Mammal      Summ           0%           36%         1
 Poisonous Vapours        Pois/Air       0%           50%         2
 Call Canine Familiar     Summ           0%           75%         3
 Conjure Flame            Conj/Fire      0%           75%         3
 Ignite Poison            Fire/Tmut/Pois 0%           75%         3
 Inner Flame              Hex/Fire       0%           75%         3
 Mephitic Cloud           Conj/Pois/Air  0%           75%         3
 Olgreb's Toxic Radiance  Pois           0%           98%         4
 Sticky Flame             Conj/Fire      0%           98%         4
 Summon Ice Beast         Ice/Summ       0%           98%         4
 Bolt of Magma            Conj/Fire/Erth 0%           100%        5
 Fireball                 Conj/Fire      0%           100%        5
 Freezing Cloud           Conj/Ice/Air   0%           100%        6


Dungeon Overview and Level Annotations

Branches:
Dungeon (10/15)            Temple (1/1) D:5            Lair (0/6) D:8
    Orc: D:9-12

Altars:
Ashenzari
Cheibriados
Dithmenos
Elyvilon
Fedhas
Gozag
Hepliaklqana
Kikubaaqudgha
Makhleb
Nemelex Xobeh
Okawaru
Qazlal
Ru
Sif Muna
Trog
Uskayaw
Vehumet
Wu Jian
Xom
Yredelemnul
Zin
The Shining One

Shops:
D:6 [   D:7 !

Annotations:
D:7 2 transporters, Sobieck's ghost, novice BaSu
D:10 Josephine; Urug


Innate Abilities, Weirdness & Mutations

You are too large for most types of armour.
You have claws for hands.
Your natural rate of healing is unusually fast.
You are covered in fur. (AC +1)
You have extremely tough skin. (AC +3)


Message History

Unknown command.
Unknown command.
Unknown command.
Unknown command.
Unknown command.
Unknown command.
Unknown command.
Unknown command.
Really read
g - 5 scrolls of teleportation {!r}?
As you read the scroll of teleportation {!r}, it crumbles to dust.
You feel strangely unstable. The wraith hits you.
* * * LOW HITPOINT WARNING * * *
The wraith drains your vigour!
You feel yourself slow down. The kobold hits you but does no damage.
The big kobold hits you.
* * * LOW HITPOINT WARNING * * *
Urug throws a javelin.
The javelin pierces through you!!
You die...

#.# .....# #.#
...# #.# #.# #<# #
#.# # ##$.
#.##.#o######.$...
#.# #/.......K.#
#.# #..@K...# #.#
#...$K.W.#F# #.#
####.###.# #.# #.
... # ... ####


You could see Urug, a wraith, a big kobold, a bullfrog and 2 kobolds.

Vanquished Creatures
  Erolcha (D:9)
  A wraith (D:10)
  2 wargs (D:8)
  3 ice beasts
  5 orc warriors
  2 black bears (D:8)
  4 sky beasts
  2 necrophages
  2 phantoms
  4 ogres
  2 centaurs (D:8)
  8 bullfrogs
  A wyvern skeleton (D:7)
  5 killer bees (D:8)
  20 wights
  2 bullfrog skeletons
  3 jellies
  A bullfrog zombie (D:6)
  4 orc priests
  5 hounds
  Crazy Yiuf (D:5)
  Ijyb (D:5)
  An iguana (D:5)
  12 orc wizards
  6 worker ants
  3 hound skeletons
  2 worker ant zombies
  6 adders
  A shadow imp (D:5)
  A white imp (D:9)
  2 ufetubi
  2 oozes
  An adder zombie (D:7)
  4 worms
  A dart slug (D:1)
  A leopard gecko (D:6)
  39 orcs
  4 giant cockroaches
  4 goblins
  4 hobgoblins
  4 jackals
  2 kobolds
  7 quokkas
  9 bats
  3 frilled lizards
  A jackal skeleton (D:5)
  A quokka skeleton (D:4)
  8 rats
208 creatures vanquished.

Vanquished Creatures (others)
  2 plants (D:8)
2 creatures vanquished.

Grand Total: 210 creatures vanquished

Notes
Turn   | Place    | Note
-------+----------+-------------------------------------------
     0 | D:1      | sahdkjhfkaj the Troll Brigand began the quest for the Orb.
     0 | D:1      | Reached XP level 1. HP: 19/19 MP: 0/0
    23 | D:1      | Reached skill level 1 in Unarmed Combat
    77 | D:1      | Reached XP level 2. HP: 27/27 MP: 1/1
   173 | D:1      | Reached skill level 2 in Unarmed Combat
   558 | D:2      | Reached XP level 3. HP: 31/35 MP: 2/2
   714 | D:2      | Reached skill level 3 in Unarmed Combat
   721 | D:2      | Found an iron altar of Okawaru.
   773 | D:2      | Reached skill level 1 in Dodging
  1346 | D:3      | Reached XP level 4. HP: 42/42 MP: 3/3
  1718 | D:4      | Reached skill level 4 in Unarmed Combat
  1833 | D:4      | Reached XP level 5. HP: 50/50 MP: 4/4
  1879 | D:4      | Noticed an ogre
  1883 | D:4      | Killed an ogre
  1884 | D:4      | Reached skill level 1 in Evocations
  1888 | D:4      | Reached XP level 6. HP: 60/61 MP: 5/5
  2045 | D:4      | HP: 3/61 [phantom (7)]
  2047 | D:4      | Reached skill level 5 in Unarmed Combat
  2190 | D:4      | Reached skill level 6 in Unarmed Combat
  2340 | D:4      | Reached XP level 7. HP: 57/67 MP: 6/6
  2656 | D:5      | Entered Level 5 of the Dungeon
  2695 | D:5      | Found a runed translucent door.
  2696 | D:5      | Noticed Crazy Yiuf
  2724 | D:5      | Reached skill level 7 in Unarmed Combat
  2809 | D:5      | Noticed Ijyb
  2830 | D:5      | Killed Ijyb
  3028 | D:5      | Found a staircase to the Ecumenical Temple.
  3057 | D:5      | Reached XP level 8. HP: 53/78 MP: 7/7
  3687 | D:5      | Killed Crazy Yiuf
  3822 | D:6      | Reached skill level 8 in Unarmed Combat
  3963 | D:6      | Found Osmet's Armour Emporium.
  4105 | D:7      | Found a transporter.
  4105 | D:7      | Noticed Sobieck's ghost (novice BaSu)
  4121 | D:7      | Found a transporter.
  4132 | D:7      | Reached skill level 1 in Invocations
  4269 | D:7      | Found Donomurgh's Distillery.
  4679 | D:7      | Reached XP level 9. HP: 31/77 MP: 9/9
  4680 | D:7      | Reached skill level 9 in Unarmed Combat
  4966 | D:8      | Reached skill level 5 in Fighting
  5040 | D:8      | Reached skill level 5 in Throwing
  5322 | D:8      | Reached skill level 10 in Unarmed Combat
  5351 | D:8      | Found a staircase to the Lair.
  5498 | D:8      | Found a basalt altar of Yredelemnul.
  5521 | D:8      | Reached XP level 10. HP: 88/100 MP: 10/10
  5667 | Temple   | Entered the Ecumenical Temple
  5735 | Temple   | Became a worshipper of the Shining One
  6337 | D:9      | Noticed Erolcha
  6346 | D:9      | Killed Erolcha
  6605 | D:9      | Identified the Handbook of Creative Conjuration
  7043 | D:10     | Entered Level 10 of the Dungeon
  7084 | D:10     | Reached * piety under the Shining One
  7124 | D:10     | Noticed Josephine
  7146 | D:10     | Noticed Urug
  7147 | D:10     | Hit by a javelin thrown by Urug

Illustrated notes

Levels and vault maps discovered:
D:1:      lightli_arrival_boilingwater, layout_basic
D:2:      layout_loops_ring, okawaru_ov_weapons_minmay, minmay_mini_jars
D:3:      layout_basic
D:4:      layout_loops_ring, minmay_quadrilaterals
D:5:      layout_loops_corners, minmay_temple_entry_waves,
          uniq_crazy_yiuf_cottage, uniq_ijyb
D:6:      layout_rooms, serial_shops, shop
D:7:      layout_gridville, serial_shops, shop, gammafunk_ghost_mausoleum,
          serial_bayou_crossing
D:8:      black_bear_nest_2, layout_rooms, erik_lair_orcish_takeover,
          yredelemnul_altar_generic
D:9:      layout_layer_cave, uniq_erolcha
D:10:     layout_loops_ring, uniq_maggie, uniq_josephine, uniq_urug, uniq_psyche
Temple:   dpeg_three_leaves_temple

Skill      XL: |  1  2  3  4  5  6  7  8  9 10 |
---------------+-------------------------------+-----
Unarmed Combat | 1 2 3 4 6 7 8 10 | 10.0
Fighting       | 2 3 4 6 7 |  7.0
Dodging        | 1 2 4 |  4.0
Throwing       | 2 3 4 5 6 |  6.8
Evocations     | 1 2 |  2.0
Invocations    | 2 |  2.0
Short Blades   | |  1.5
Stealth        | |  2.1

Action                   |  1- 3 |  4- 6 |  7- 9 | 10-12 || total
-------------------------+-------+-------+-------+-------++-------
Melee: Unarmed           |   125 |    64 |   412 |   117 ||   718
       Punch             |       |     2 |    12 |     3 ||    17
Throw: Dart              |       |     2 |       |       ||     2
  Use: Scroll            |     2 |     1 |       |     2 ||     5
       Potion            |       |       |     2 |       ||     2
 Stab: Distracted        |     1 |       |     2 |       ||     3
       Sleeping          |     3 |     1 |     3 |       ||     7
Armor: Robe              |    67 |    23 |   119 |    27 ||   236
Dodge: Dodged            |    74 |    26 |   260 |    75 ||   435

Table legend: (Time is in decaauts)
 A = Elapsed time spent in this place.
 B = Non-inter-level travel time spent in this place.
 C = Inter-level travel time spent in this place.
 D = Time resting spent in this place.
 E = Time spent auto-exploring this place.
 F = Levels seen in this place.
 G = Mean time per level.
                   A        B        C        D        E       F      G
               +--------+--------+--------+--------+--------+-----+--------+
         Total |   7066 |   6739 |    327 |     97 |   5185 |  11 |  642.4 |
       Dungeon |   6982 |   6667 |    315 |     97 |   5120 |  10 |  698.2 |
        Temple |     84 |     72 |     12 |      0 |     65 |   1 |   84.0 |
               +--------+--------+--------+--------+--------+-----+--------+

Top non-repeatable levels by time:
     D:5: 1167 daAuts
     D:7: 987 daAuts
     D:9: 979 daAuts
     D:4: 973 daAuts
     D:8: 788 daAuts
     D:2: 766 daAuts
     D:3: 546 daAuts
     D:1: 359 daAuts
     D:6: 314 daAuts
    D:10: 98 daAuts
  Temple: 84 daAuts
